 Dungeon Crawl Stone Soup version 0.32-a0-599-gba8f9cf90e (webtiles) character file.

Game seed: 16889611271841917661

2023 Ruich the Cleaver (level 9, -8/56 HPs)
             Began as a Tengu Berserker on Feb 28, 2024.
             Was a Priest of Trog.
             Killed from afar by a deep elf pyromancer (26 damage)
             ... with a bolt of fire
             ... on level 7 of the Dungeon on Mar 3, 2024.
             The game lasted 00:09:00 (4996 turns).

Ruich the Cleaver (Tengu Berserker)                 Turns: 4996, Time: 00:09:01

Health: -8/56      AC: 13    Str: 22    XL:     9   Next: 23%
Magic:  19/19      EV: 14    Int:  7    God:    Trog [***...]
Gold:   1616       SH:  0    Dex: 14    Spells: 8/8 levels left

rFire   . . .        a - +1 hand axe (spect)
rCold   . . .        (no shield)
rNeg    . . .        f - +0 chain mail
rPois   +            (helmet restricted)
rElec   .            (no cloak)
rCorr   .            g - +2 pair of gloves
SInv    .            (boots unavailable)
Will    .....        (no amulet) Stlth
                     m - ring of magical power
HPRegen 0.29/turn    t - ring of poison resistance
MPRegen 0.16/turn

%: acrobat
@: flying
A: beak, talons 3, evasive flight, acrobatic
a: Renounce Religion, Berserk, Trog's Hand


You were on level 7 of the Dungeon.
You worshipped Trog.
Trog was most pleased with you.
You visited 1 branch of the dungeon, and saw 7 of its levels.

You collected 1616 gold pieces.


Innate Abilities, Weirdness & Mutations

You have a beak for a mouth.
You have claws for feet.
Your magical flight helps you evade attacks. (EV +4)
You can magically evade attacks while moving or waiting.


   Skills:
 + Level 6.3 Fighting
 * Level 9.3 Axes
 + Level 6.4 Armour
 - Level 4.7 Dodging


You had 8 spell levels left.
You didn't know any spells.
Your spell library was empty.

Inventory:

Hand Weapons
 a - a +1 spectral hand axe (weapon)
Missiles
 d - a throwing net {=f}
Armour
 f - a +0 chain mail (worn)
 g - a +2 pair of gloves (worn)
Jewellery
 m - a ring of magical power (left hand)
 t - a ring of poison resistance (right hand)
Wands
 l - a wand of charming (19)
Scrolls
 b - 2 scrolls of enchant armour
 h - 2 scrolls of noise {unknown}
 q - 2 scrolls of revelation
 s - a scroll of identify {@r1}
 v - a scroll of fog {unknown}
Potions
 c - 3 potions of haste {@q3}
 e - 3 potions of might
 i - 5 potions of enlightenment
 j - a potion of brilliance {unknown}
 k - 3 potions of curing {@q1}
 n - a potion of attraction {unknown}
 o - a potion of mutation {unknown}
 p - a potion of magic
 r - a potion of cancellation {unknown}
 u - 2 potions of heal wounds {@q2}

Dungeon Overview and Level Annotations

Branches:
Dungeon (7/15)
 Temple: D:4-7

Altars:
Ashenzari
Cheibriados
Dithmenos
Okawaru
Ru
Uskayaw
The Shining One

#. #....# ##..## #.
##....# #....#
#.##.....###....#
#........#.##...##
#.........<......##
#.....##........)..
#.....#.........##.
#........##.....#
ยง
##@{.....###....#
#e.......#.....#
#..$...........#
#........[.....#
.......##.......#
..#...>#####......
.......# ........
#.....


You could see a deep elf pyromancer and a friendly +1 spectral hand axe.


Message History

You shake off some of the fire as you move.
The liquid fire burns you!
You are too injured to fight recklessly!
You are too injured to fight recklessly!
Unknown command.
You barely miss the deep elf pyromancer.
Your kick misses the deep elf pyromancer.
You peck the deep elf pyromancer, but do no damage.
The liquid fire burns you!
The deep elf pyromancer gestures wildly while chanting.
The deep elf pyromancer blinks!
You shake off the liquid fire.
Your +1 spectral hand axe disappears.
The deep elf pyromancer casts a spell at you.
The pyre arrow misses you.
Unknown command.
You slash the deep elf pyromancer!
You claw the deep elf pyromancer, but do no damage.
The deep elf pyromancer is lightly wounded.
You hit the deep elf pyromancer but do no damage.
You claw the deep elf pyromancer, but do no damage.
You peck the deep elf pyromancer, but do no damage.
The deep elf pyromancer is moderately wounded.
The deep elf pyromancer casts a spell at you.
* * * LOW HITPOINT WARNING * * *
You barely miss the deep elf pyromancer.
You claw the deep elf pyromancer, but do no damage.
The deep elf pyromancer is moderately wounded.
The deep elf pyromancer gestures at you while chanting.
You die...

Skill      XL: |  1  2  3  4  5  6  7  8 |
---------------+-------------------------+-----
Axes           | 4 5 6 9 |  9.3
Armour         | 3 4 6 |  6.4
Dodging        | 3 4 |  4.7
Fighting       | 4 6 |  6.3

Action                     |  1- 3 |  4- 6 |  7- 9 || total
---------------------------+-------+-------+-------++-------
  Melee: Hand axe          |    56 |    85 |   158 ||   299
         Kick              |    10 |    28 |    49 ||    87
         Peck              |     4 |    10 |    31 ||    45
 Invoke: Berserk           |       |     2 |     3 ||     5
         Trog's Hand       |       |     1 |     1 ||     2
    Use: Scroll            |       |    14 |     3 ||    17
   Stab: Distracted        |       |     1 |       ||     1
 Armour: Leather armour    |    14 |       |       ||    14
         Chain mail        |    17 |    48 |    67 ||   132
  Dodge: Dodged            |    48 |    58 |    80 ||   186

Levels and vault maps discovered:
D:1:      tarquinn_simple_flora_water_a, layout_rooms
D:2:      minmay_skewed_foursquare, layout_basic, minmay_tree_intersection,
          uniq_sigmund, uniq_natasha
D:3:      layout_basic, hangedman_decor_diamond_cutter, st_stairs_6,
          kennysheep_generic_room_7
D:4:      minmay_polygon_palace, layout_basic, minitemple,
          gammafunk_temple_overflow_statue, serial_demonic, serial_demonic_g,
          serial_demonic_e, serial_demonic_d, serial_demonic_c
D:5:      layout_cave_pods
D:6:      layout_basic, hangedman_decor_slide_cut, uniq_pikel, uniq_jeremiah
D:7:      layout_cave_pools, minmay_temple_entry_metal_lava,
          uniq_crazy_yiuf_cottage

Notes
Turn   | Place    | Note
-------+----------+-------------------------------------------
     0 | D:1      | Ruich the Tengu Berserker began the quest for the Orb.
     0 | D:1      | Reached XP level 1. HP: 14/14 MP: 2/2
     0 | D:1      | Ruich:
                  | https://discord.com/channels/205277826788622337/20531604623
                  | 0388737/1212015423734685786
     0 | D:1      | Ruich: !lg * cv~~0.32 max(dam) x=dam
     0 | D:1      | beem: 75624. [dam=300] SergeantStubby the Warrior (L24 MuHu
                  | of Hepliaklqana), blasted by a yellow draconian annihilator
                  | (acid spray) (led by a red draconian scorcher) on Zot:1 on
                  | 2024-02-27 20:07:01, with 544498 points after 73483 turns
                  | and 1:59:56.
     0 | D:1      | Ruich: !lg * week current trunk killer~~yellow_drac sdam>60
                  | s=src
     0 | D:1      | beem: 18 games for * (week current trunk
                  | killer~~yellow_drac sdam>60): 8x cxc, 4x cbr2, 3x cpo, 2x
                  | cue, cdo
     0 | D:1      | Ruich: MarvinPA * 0.13-a0-1343-gad4e203
     0 | D:1      | Ruich: * 0.13-a0-1343-gad4e203
     0 | D:1      | Upgraded the game from 0.32-a0-540-g866d13106e to
                  | 0.32-a0-599-gba8f9cf90e
   181 | D:1      | Reached XP level 2. HP: 16/19 MP: 3/3
   544 | D:2      | Reached XP level 3. HP: 23/23 MP: 4/4
   651 | D:2      | Reached skill level 4 in Axes
   677 | D:2      | Noticed Natasha
   682 | D:2      | Killed Natasha
   683 | D:2      | Reached XP level 4. HP: 28/28 MP: 5/5
   760 | D:2      | Reached ** piety under Trog
   997 | D:2      | Noticed Sigmund
   998 | D:2      | Noticed Natasha
  1004 | D:2      | Killed Sigmund
  1005 | D:2      | Reached skill level 5 in Axes
  1005 | D:2      | Reached skill level 3 in Armour
  1005 | D:2      | Reached skill level 3 in Dodging
  1005 | D:2      | Reached XP level 5. HP: 33/33 MP: 6/6
  1005 | D:2      | Reached XP level 6. HP: 38/38 MP: 7/7
  1005 | D:2      | Killed Natasha
  1006 | D:2      | Reached skill level 4 in Fighting
  1889 | D:3      | Identified a scroll of acquirement
  1889 | D:3      | Acquired 853 gold pieces
  2283 | D:4      | Reached skill level 4 in Dodging
  2526 | D:4      | Reached skill level 4 in Armour
  2526 | D:4      | Gained mutation: Your magical flight helps you evade
                  | attacks. (EV +4) [Tengu growth]
  2526 | D:4      | Reached XP level 7. HP: 43/43 MP: 8/8
  2530 | D:4      | Reached skill level 6 in Axes
  2597 | D:4      | Reached *** piety under Trog
  2851 | D:4      | Found a snail-covered altar of Cheibriados.
  2855 | D:4      | Found an iron altar of Okawaru.
  2857 | D:4      | Found a broken altar of Ashenzari.
  2858 | D:4      | Found a shadowy altar of Dithmenos.
  2860 | D:4      | Found a glowing golden altar of the Shining One.
  2880 | D:4      | Found a sacrificial altar of Ru.
  2881 | D:4      | Found a hide-covered altar of Uskayaw.
  3134 | D:5      | Entered Level 5 of the Dungeon
  3319 | D:5      | Reached XP level 8. HP: 48/48 MP: 9/9
  3946 | D:6      | Reached skill level 5 in Fighting
  3946 | D:6      | Reached skill level 7 in Axes
  3957 | D:6      | Noticed Pikel
  3999 | D:6      | Killed Pikel
  4000 | D:6      | Reached skill level 8 in Axes
  4000 | D:6      | Reached skill level 5 in Armour
  4254 | D:6      | Noticed Jeremiah
  4277 | D:6      | Killed Jeremiah
  4278 | D:6      | Reached skill level 6 in Fighting
  4278 | D:6      | Reached skill level 9 in Axes
  4278 | D:6      | Reached skill level 6 in Armour
  4278 | D:6      | Reached XP level 9. HP: 46/55 MP: 10/10
  4986 | D:7      | Noticed a deep elf pyromancer
  4996 | D:7      | Killed from afar by a deep elf pyromancer

Vanquished Creatures
  Pikel (D:6)
  Jeremiah (D:6)
  Sigmund (D:2)
  An ice beast (D:6)
  An ogre (D:5)
  3 lemures (D:6)
  A kobold brigand (D:6)
  A bullfrog (D:6)
  A bombardier beetle (D:4)
  4 hounds
  2 quasits (D:4)
  3 jellies
  2 gnoll boudas (D:4)
  An iguana (D:4)
  2 orc wizards (D:4)
  2 sleepcaps (D:6)
  Natasha (twice) (D:2)
  7 gnolls
  6 adders
  4 shadow imps
  A white imp (D:4)
  2 ufetubi (D:6)
  A dart slug (D:2)
  A ribbon worm (D:5)
  2 orcs
  4 bats
  7 endoplasms
  4 giant cockroaches
  8 goblins
  5 hobgoblins
  3 quokkas
  3 ball pythons
  3 frilled lizards
  15 kobolds
  8 rats
113 creatures vanquished.

Table legend: (Time is in decaauts)
 A = Elapsed time spent in this place.
 B = Non-inter-level travel time spent in this place.
 C = Inter-level travel time spent in this place.
 D = Time resting spent in this place.
 E = Time spent auto-exploring this place.
 F = Levels seen in this place.
 G = Mean time per level.
                   A        B        C        D        E       F      G
               +--------+--------+--------+--------+--------+-----+--------+
         Total |   5033 |   4867 |    166 |    714 |   3278 |   7 |  719.0 |
       Dungeon |   5033 |   4867 |    166 |    714 |   3278 |   7 |  719.0 |
               +--------+--------+--------+--------+--------+-----+--------+

Top non-repeatable levels by time:
     D:6: 1106 daAuts
     D:4: 1077 daAuts
     D:3: 974 daAuts
     D:5: 708 daAuts
     D:2: 607 daAuts
     D:1: 509 daAuts
     D:7: 51 daAuts

Table legend:
 A = Non-vault XP
 B = Vault XP
 C = Vault XP percentage of total XP
 D = Non-vault monster count
 E = Vault monster count
 F = Vault count percentage of total count
                 A         B        C        D         E       F
            +---------+---------+-------+---------+---------+-------
      Total |    1055 |    1836 |  63.5 |      74 |      36 |  32.7
            +---------+---------+-------+---------+---------+-------
        D:1 |      17 |       0 |   0.0 |      10 |       0 |   0.0
        D:2 |      86 |     270 |  75.8 |      17 |       8 |  32.0
        D:3 |      20 |       6 |  23.1 |      14 |       3 |  17.6
        D:4 |     134 |     475 |  78.0 |      11 |      23 |  67.6
        D:5 |     200 |       0 |   0.0 |       5 |       0 |   0.0
        D:6 |     583 |    1085 |  65.0 |      16 |       2 |  11.1
        D:7 |      15 |       0 |   0.0 |       1 |       0 |   0.0
            +---------+---------+-------+---------+---------+-------
